 Dungeon Crawl Stone Soup version 0.28.0-53-g5a82cb258f (webtiles) character file.

Game seed: 12148347625772762622

7 Sin92 the Skirmisher (level 1, -1/18 HPs)
             Began as a Demonspawn Fighter on June 12, 2022.
             Slain by a gnoll
             ... wielding a +0 club
              (3 damage)
             ... on level 1 of the Dungeon.
             The game lasted 00:00:24 (145 turns).

Sin92 the Skirmisher (Demonspawn Fighter)            Turns: 145, Time: 00:00:24

Health: -1/18      AC:  6    Str: 16    XL:     1   Next: 91%
Magic:  1/1        EV:  9    Int:  9    God:
Gold:   24         SH:  4    Dex: 12    Spells: 0/0 levels left

rFire   . . .      SeeInvis .   a - +0 war axe
rCold   . . .      Faith    .   c - +0 buckler
rNeg    . . .      Spirit   .   b - +0 scale mail
rPois   .          Reflect  .   (no helmet)
rElec   .          Harm     .   (no cloak)
rCorr   .          Rampage  .   (no gloves)
Will    .....                   (no boots)
Stlth   ..........              (no amulet)
HPRegen 0.06/turn               (no ring)
MPRegen 0.07/turn               (no ring)

@: no status effects
A: no striking features
a: no special abilities


You were on level 1 of the Dungeon.
You visited 1 branch of the dungeon, and saw 1 of its levels.

You collected 24 gold pieces.

Inventory:

Hand Weapons
 a - a +0 war axe (weapon)
Armour
 b - a +0 scale mail (worn)
 c - a +0 buckler (worn)
Potions
 d - a potion of might


   Skills:
 + Level 3.1 Fighting
 + Level 1.9 Axes
 + Level 2.8 Armour
 + Level 0.3 Dodging
 + Level 2.8 Shields


You couldn't memorise any spells.
You didn't know any spells.
Your spell library contained the following spells:

 Spells                   Type           Power      Damage    Failure   Level
 Sandblast                Erth           0%         2d4       88%         1
 Passwall                 Tmut/Erth      0%         N/A       96%         2
 Stone Arrow              Conj/Erth      0%         3d7       99%         3


Dungeon Overview and Level Annotations

Branches:
Dungeon (1/15)

Altars:


Message History

a +0 short sword; a kobold corpse No target in view!
You now have 24 gold pieces (gained 9).
A gnoll and a goblin come into view.
The gnoll shouts!
The goblin shouts!
A giant cockroach comes into view.
There are monsters nearby!
The gnoll barely misses you.
There are monsters nearby!
You barely miss the gnoll. The gnoll hits you with a +0 club.
There are monsters nearby!
You barely miss the gnoll.
You hit the giant cockroach but do no damage.
You hit the goblin but do no damage.
The giant cockroach bites you but does no damage.
The goblin closely misses you. The gnoll hits you with a +0 club.
The giant cockroach bites you. You block the goblin's attack.
There are monsters nearby!
You are too injured to fight recklessly!
There are monsters nearby!
You are too injured to fight recklessly!
You are too injured to fight recklessly!
You are too injured to fight recklessly!
Unknown command.
You barely miss the giant cockroach. You closely miss the gnoll.
You hit the goblin. The giant cockroach bites you. The gnoll barely misses you.
You block the goblin's attack.
The giant cockroach bites you but does no damage.
The gnoll hits you with a +0 club.
You closely miss the giant cockroach. You closely miss the gnoll.
You barely miss the goblin.
The giant cockroach waves its antennae.
The giant cockroach bites you but does no damage.
The goblin hits you but does no damage. The gnoll hits you with a +0 club.
* * * LOW HITPOINT WARNING * * *
The giant cockroach bites you but does no damage.
The goblin closely misses you.
You barely miss the giant cockroach. You hit the gnoll.
You barely miss the goblin. The gnoll hits you with a +0 club.
You die...

#.###...###.###
......>.###.###.#
#####...........#
#(...........
#...........#
#.#####...........#
.................##
#.###..............
##.@B........##
#gg#..##.####
#...##.# .#
...#.......#
#..##?. ##.. #..
.... ... ##. .##.
.. . .#


You could see a gnoll, a giant cockroach and a goblin.

Vanquished Creatures
  2 ball pythons (D:1)
  A hobgoblin (D:1)
  2 kobolds (D:1)
  2 bats (D:1)
7 creatures vanquished.

Notes
Turn   | Place    | Note
-------+----------+-------------------------------------------
     0 | D:1      | Sin92 the Demonspawn Fighter began the quest for the Orb.
     0 | D:1      | Reached XP level 1. HP: 18/18 MP: 1/1
   145 | D:1      | Slain by a gnoll

Illustrated notes

Levels and vault maps discovered:
D:1:      onia_arrival_pyramid, layout_loops_ring, hangedman_decor_points,
          minmay_tromino_v4_c

Action                   || total
-------------------------++-------
Melee: War axe           ||    18
Armor: Scale mail        ||    19
Dodge: Dodged            ||    11
Block: Buckler           ||     9
